 Dungeon Crawl Stone Soup version 0.30-a0-923-g828ccac5a3 (webtiles) character file.

Game seed: 431090543352346439

269084 M4edhros the Fencer (level 20, -3/132 HPs)
             Began as an Octopode Artificer on Mar 20, 2023.
             Was the Champion of Cheibriados.
             Killed from afar by an ironbound frostheart (20 damage)
             ... by creeping frost
             ... on level 3 of the Vaults on Mar 22, 2023.
             The game lasted 01:49:04 (14839 turns).

M4edhros the Fencer (Octopode Artificer)           Turns: 14839, Time: 01:49:04

Health: -3/132     AC:  6    Str: 35 (36) XL:     20   Next: 17%
Magic:  31/32      EV: 37    Int: 50      God:    Cheibriados [******]
Gold:   2339       SH: 23    Dex: 41      Spells: 8/35 levels left

rFire   . . .      SeeInvis +    K - +8 autumn katana {manifold assault}
rCold   . . .      Faith    .    O - +5 kite shield
rNeg    + + .      Spirit   .    j - +1 hat {SInv}
rPois   +          Reflect  .    z - amulet of regeneration
rElec   +          Rampage  .    N - +6 ring of intelligence
rCorr   .          Clarity  +    X - ring "Tighilyi" {rN++ AC+4 Int+3 Slay-2 SInv}
Will    ++...                    s - +5 ring of evasion
Stlth   ++++                     M - +5 ring of evasion
HPRegen 1.22/turn                G - +6 ring of dexterity
MPRegen 0.23/turn                C - ring of Yraq {Str+9 Int+6}
                                 q - ring "Efiefupnou" {Wiz Will+ Dex+4}
                                 Q - ring of poison resistance

@: frozen, very slow
A: almost no armour, amphibious, 8 rings, camouflage 1, gelatinous body 1,
(nimble swimmer 1), tentacles, clarity, clever 1, deterioration 1, electricity
resistance
}: 2/15 runes: decaying, gossamer
a: Renounce Religion, Bend Time, Temporal Distortion, Slouch, Step From Time


You were on level 3 of the Vaults.
You worshipped Cheibriados.
Cheibriados was exalted by your worship.
You visited 7 branches of the dungeon, and saw 36 of its levels.
You also visited: Gauntlet, Ice Cave and Volcano.

You collected 3630 gold pieces.
You spent 1291 gold pieces at shops.

Inventory:

Hand Weapons
 K - the +8 autumn katana (weapon) {manifold assault}
   (You found it on level 11 of the Dungeon)

   Manifold Assault: It sometimes launches melee attacks against multiple
   visible enemies.
Missiles
 v - 2 atropa-tipped darts (quivered)
 D - 4 curare-tipped darts
 H - 8 throwing nets
 I - 10 silver javelins
Armour
 j - a +1 hat of see invisible (worn)
 O - a +5 kite shield (worn)
Jewellery
 q - the ring "Efiefupnou" (on tentacle) {Wiz Will+ Dex+4}
   (You acquired it on level 11 of the Dungeon)

   [ring of wizardry]

   It improves your spell success rate.
   Dex:       It affects your dexterity (+4).
   Will:      It increases your willpower.
 s - a +5 ring of evasion (on tentacle)
 w - a ring of wizardry
 z - an amulet of regeneration (around mantle)
 C - the ring of Yraq (on tentacle) {Str+9 Int+6}
   (You found it on level 3 of the Elven Halls)

   [ring of intelligence]

   Str:       It affects your strength (+9).
   Int:       It affects your intelligence (+6).
 G - a +6 ring of dexterity (on tentacle)
 M - a +5 ring of evasion (on tentacle)
 N - a +6 ring of intelligence (left tentacle)
 Q - a ring of poison resistance (on tentacle)
 S - a ring of protection from fire
 X - the ring "Tighilyi" (right tentacle) {rN++ AC+4 Int+3 Slay-2 SInv}
   (You bought it in a shop on level 2 of the Vaults)

   [ring of protection]

   AC:        It affects your AC (+4).
   Int:       It affects your intelligence (+3).
   Slay:      It affects your accuracy & damage with ranged weapons and melee
   (-2).
   rN:        It greatly protects you from negative energy.
   SInv:      It lets you see invisible.
Wands
 c - a wand of charming (9)
 T - a wand of iceblast (9)
Scrolls
 a - 2 scrolls of magic mapping
 b - 2 scrolls of vulnerability
 h - a scroll of immolation
 k - 8 scrolls of amnesia
 m - 2 scrolls of poison
 o - 12 scrolls of teleportation
 r - 6 scrolls of fog
 x - 2 scrolls of silence
 y - 2 scrolls of fear
 B - 4 scrolls of blinking
 E - 3 scrolls of torment
 J - 2 scrolls of enchant armour
Potions
 e - 14 potions of curing
 f - 6 potions of flight
 g - a potion of berserk rage
 l - 6 potions of might
 p - 6 potions of mutation
 u - 7 potions of heal wounds
 F - 6 potions of lignification
 L - 7 potions of attraction
 P - 3 potions of invisibility
 R - 3 potions of resistance
 Y - 6 potions of ambrosia
 Z - 2 potions of brilliance
Miscellaneous
 d - a condenser vane
 n - a lightning rod (4/4)
 U - a phial of floods
 V - a box of beasts
 W - a tin of tremorstones (2/2)


   Skills:
 - Level 10.0 Fighting
 - Level 16.2 Long Blades
 - Level 7.0 Polearms
 - Level 10.1 Dodging
 - Level 1.3 Stealth
 * Level 13.5 Shields
 - Level 7.7 Unarmed Combat
 + Level 8.1 Spellcasting
 - Level 12.0 Summonings
 - Level 8.0 Translocations
 - Level 12.2 Ice Magic
 - Level 6.0 Poison Magic
 + Level 11.4 Invocations
 - Level 10.0 Evocations


You had 8 spell levels left.
You knew the following spells:

 Your Spells              Type           Power      Damage    Failure   Level
a - Mephitic Cloud        Conj/Pois/Air  40%        N/A       1%          3
b - Ozocubu's Refrigerat  Ice            48%        4d18      4%          7
c - Malign Gateway        Summ/Tloc      44%        N/A       12%         7
d - Olgreb's Toxic Radia  Pois           69%        N/A       1%          4
e - Summon Cactus Giant   Summ           48%        N/A       1%          6

Your spell library contained the following spells:

 Spells                   Type           Power      Damage    Failure   Level
 Freeze                   Ice            100%       1d10      0%          1
 Call Imp                 Summ           96%        N/A       0%          2
 Beastly Appendage        Tmut           40%        N/A       1%          1
 Foxfire                  Conj/Fire      80%        2x1d8     1%          1
 Sandblast                Erth           40%        2d10      1%          1
 Sting                    Tmut/Pois      100%       1d8       1%          1
 Blink                    Tloc           100%       N/A       1%          2
 Cigotuvi's Dreadful Rot  Necr/Pois/Air  80%        N/A       1%          2
 Ensorcelled Hibernation  Hex/Ice        100%       N/A       1%          2
 Lesser Beckoning         Tloc           100%       N/A       1%          2
 Momentum Strike          Conj/Tloc      100%       3d10      1%          2
 Passwall                 Tmut/Erth      16%        N/A       1%          2
 Poisonous Vapours        Pois/Air       100%       N/A       1%          2
 Wereblood                Tmut           20%        N/A       1%          2
 Frozen Ramparts          Ice            100%       1d16      1%          3
 Hailstorm                Conj/Ice       69%        3d14      1%          3
 Ozocubu's Armour         Ice            97%        N/A       1%          3
 Spider Form              Tmut/Pois      50%        N/A       1%          3
 Summon Guardian Golem    Hex/Summ       69%        N/A       1%          3
 Ice Form                 Ice/Tmut       69%        N/A       1%          4
 Iskenderun's Mystic Bla  Conj/Tloc      57%        2d12      1%          4
 Summon Lightning Spire   Summ/Air       69%        N/A       1%          4
 Dazzling Flash           Conj/Hex       40%        N/A       2%          3
 Stone Arrow              Conj/Erth      40%        3d9       2%          3
 Swiftness                Air            20%        N/A       2%          3
 Summon Hydra             Summ           48%        N/A       5%          7
 Alistair's Intoxication  Tmut/Pois      33%        N/A       7%          5
 Simulacrum               Ice/Necr       34%        N/A       11%         6
 Blade Hands              Tmut           10%        N/A       22%         5
 Fireball                 Conj/Fire      10%        3d6       22%         5
 Iskenderun's Battlesphe  Conj           20%        2d7       22%         5
 Summon Horrible Things   Summ           48%        N/A       36%         8
 Spellforged Servitor     Conj/Summ      34%        N/A       50%         7
 Iron Shot                Conj/Erth      10%        9d3       75%         6
 Starburst                Conj/Fire      10%        6d5       75%         6
 Orb of Destruction       Conj           10%        9d6       99%         7
 Animate Armour           Summ/Erth      Unusable   N/A       N/A         4

Dungeon Overview and Level Annotations

Branches:
Dungeon (15/15)            Temple (0/1) D:5            Lair (5/5) D:10
  Swamp (4/4) Lair:2       Spider (4/4) Lair:3        Slime (0/5) Lair:5
    Orc (2/2) D:9             Elf (3/3) Orc:2        Vaults (3/5) D:14
  IceCv (visited)         Volcano (visited)         Gauntlet (visited)
  Crypt: Vaults:2-3  Depths: D:15

Altars:
Ashenzari
Cheibriados
Fedhas
Gozag
Hepliaklqana
Kikubaaqudgha
Nemelex Xobeh
Okawaru
Sif Muna
Uskayaw
Xom
Zin
Jiyva

Shops:
D:4 !   D:7 =[   D:9 !   Orc:1 (   Orc:2 **:(   Elf:2 =   Vaults:2 ==(

Portals:
Pandemonium: Orc:2

Annotations:
D:10 3 runed translucent doors, gyole's ghost, novice SpHu
Lair:5 exclusion: 6 oklob plants
Elf:2 3 runed translucent doors


Innate Abilities, Weirdness & Mutations

You cannot wear most types of armour.
You are amphibious.
You can wear up to eight rings at the same time.
Your skin changes colour to match your surroundings (Stealth+).
Your rubbery body absorbs attacks. (AC +1, EV +1)
((You are camouflaged when in or above water. (Stealth+)))
You have tentacles for arms and can constrict up to eight enemies at once.
You possess an exceptional clarity of mind.
Your mind is acute. (Int +4, Str/Dex -1)
Your body sometimes deteriorates upon taking damage.
You are resistant to electric shocks. (rElec)


Message History

You are too injured to fight recklessly!
Unknown command.
You are too injured to fight recklessly!
You slash the vault sentinel!
You slice through the folds of space itself!
You chop the yaktaur captain into pieces!!!
You slash the ironbound frostheart! You barely miss the yaktaur captain.
You grab the vault sentinel. You squeeze the vault sentinel.
You kill the vault sentinel!
Cheibriados thoroughly appreciates the change of pace.
The yaktaur captain is struck by your cactus giant's spines.
The yaktaur captain hits your cactus giant!!
Unknown command.
You slice the yaktaur captain!!
You kill the yaktaur captain!
Cheibriados appreciates the change of pace.
The yaktaur captain wields a +0 arbalest.
The yaktaur captain shoots a bolt.
The bolt completely misses your cactus giant.
You block the bolt.
Unknown command.
Unknown command.
Unknown command.
Unknown command.
Welcome back, M4edhros the Octopode Artificer.
Cheibriados says: Take it easy.
Press ? for a list of commands and other information.
The ice encasing you melts away.
Your cactus giant hits the yaktaur captain with a +0 giant spiked club.
The ironbound frostheart calls freezing cold from the walls.
The frost grips you!!!
* * * LOW HITPOINT WARNING * * *
You are encased in ice.
The frost grips your cactus giant!
The yaktaur captain unwields a +0 arbalest.
The yaktaur captain hits you!
* * * LOW HITPOINT WARNING * * *
The ironbound frostheart calls freezing cold from the walls.
The frost grips you!!
You die...

........# ........#
........# ....)...#
........# ......)†#
###+######'#############
......cC................
...p...@................
..###########...........
........#......†....
........#...........
........#...........
........#...........
........#...........
........#...........
........'........###


You could see a yaktaur captain, an ironbound frostheart (ally target) and a
friendly cactus giant (summoned).

Vanquished Creatures
  Saint Roka (Vaults:1)
  Nikola (Spider:2)
  A bone dragon (Swamp:4)
  Arachne (Spider:2)
  Jorgrun (Swamp:3)
  2 deep elf blademasters (Elf:3)
  2 deep elf master archers (Elf:3)
  2 sphinxes
  A tengu reaver (Vaults:2)
  An azure jelly (shapeshifter) (Gauntlet)
  Agnes (Elf:1)
  2 emperor scorpions (Spider:4)
  A fire giant (Vaults:2)
  2 deep elf sorcerers
  Louise (Swamp:1)
  Aizul (Elf:3)
  A vault warden (Vaults:3)
  3 broodmothers
  2 deep elf elementalists
  3 ironbound preservers (Vaults:3)
  2 very ugly things (Vaults:3)
  12 deep elf annihilators
  An ironbound thunderhulk (Vaults:3)
  An eleionoma (Swamp:4)
  6 deep elf demonologists (Elf:3)
  5 bunyips
  A minotaur (Gauntlet)
  2 spark wasps (Spider:4)
  The ghost of Etreokin the Covert, a journeyman KoEn of Dithmenos (Lair:4)
  3 deep elf high priests (Elf:3)
  6 deep elf death magi (Elf:3)
  A crystal guardian (Vaults:3)
  4 yaktaur captains
  2 entropy weavers
  A great orb of eyes (Vaults:3)
  A peacekeeper (Vaults:3)
  7 hydras
  4 catoblepae
  8 vault guards
  4 ghost crabs
  A demonspawn (Orc:2)
  6 alligators
  An ironbound frostheart (Vaults:1)
  A radroach (Spider:3)
  3 jorogumos
  2 boulder beetles
  10 centaur warriors
  18 dancing weapons
  A two-headed ogre (D:12)
  9 death yaks
  9 orc high priests (Orc:2)
  A soul eater (Orc:2)
  2 spriggans (Swamp:3)
  14 deep elf knights
  4 sun moths (Spider:4)
  4 skeletal warriors
  A fire crab (Volcano)
  4 pharaoh ants
  A sixfirhy (Orc:2)
  5 goliath frogs
  4 spriggan druids
  A glowing orange brain (shapeshifter) (Gauntlet)
  10 deep trolls (Vaults:3)
  9 orb spiders
  18 deep elf archers
  3 swamp dragons
  2 lindwurms
  6 bog bodies
  3 spectral hydras (Swamp:4)
  3 wizards
  5 harpies
  2 ironbound convokers (Vaults:3)
  A necromancer (Vaults:3)
  A steelbarb worm (Spider:4)
  6 orc knights
  28 deep elf zephyrmancers
  35 deep elf pyromancers
  18 ugly things
  4 orc sorcerers
  7 wolf spiders
  A cyclops (D:12)
  2 moths of wrath
  A faun (shapeshifter) (Elf:2)
  2 will-o-the-wisps
  6 manticores
  A black mamba (shapeshifter) (Elf:3)
  9 demonic crawlers
  3 elephants (Lair:2)
  An ice statue (IceCv)
  A black mamba (Lair:5)
  A guardian serpent (shapeshifter) (D:15)
  A torpor snail (Spider:3)
  3 vault sentinels (Vaults:3)
  A yaktaur zombie (Vaults:3)
  A rime drake (shapeshifter) (Gauntlet)
  A freezing wraith (Vaults:2)
  7 cane toads
  A rime drake (Lair:4)
  2 unseen horrors
  17 yaktaurs
  6 komodo dragons
  4 swamp worm zombies (Swamp:4)
  8 trolls
  5 hydra zombies (Swamp:4)
  2 hellwings (Orc:2)
  3 polar bears (Lair:1)
  A wolf spider simulacrum (Gauntlet)
  4 tyrant leeches
  2 meliai (Spider:4)
  14 tarantellas
  A nameless horror (Spider:2)
  5 hornets
  3 spectral swamp dragons (Swamp:4)
  4 alligator zombies (Swamp:4)
  9 blink frogs
  6 dream sheep (Lair:4)
  A polar bear (shapeshifter) (Gauntlet)
  16 slime creatures
  16 culicivoras
  A wraith (D:10)
  18 jumping spiders
  A wyvern (D:11)
  39 yaks
  A spriggan (shapeshifter) (Elf:2)
  A water elemental (Elf:1)
  A centaur simulacrum (Gauntlet)
  3 fire elementals
  8 fire bats (Volcano)
  2 basilisks
  2 steam dragons
  A death yak simulacrum (IceCv)
  A chaos spawn (Orc:2)
  46 redbacks
  9 vampire mosquitoes
  Menkaure (D:6)
  15 swamp worms
  A human zombie (Vaults:3)
  8 wargs
  4 acid dragons
  3 hell hounds (Volcano)
  11 water moccasins
  2 swamp drakes
  A meliai simulacrum (Gauntlet)
  41 orc warriors
  An ice beast (D:7)
  3 sky beasts
  7 ogres
  11 wolves
  2 swamp dragon zombies (Swamp:4)
  5 centaurs
  6 phantoms (Swamp:4)
  3 kobold brigands
  12 bullfrogs
  3 scorpions
  2 earth elementals (Elf:1)
  A glowing shapeshifter simulacrum (Vaults:3)
  A hornet simulacrum (Gauntlet)
  8 wights
  An elephant simulacrum (IceCv)
  13 killer bees
  A howler monkey (D:11)
  20 orc priests
  8 hounds
  2 jellies
  A sleepcap (D:7)
  5 iguanas
  15 orc wizards
  A spectral swamp drake (Swamp:4)
  7 hell rats
  2 polar bear simulacra (IceCv)
  A wolf simulacrum (IceCv)
  3 adders
  A river rat (D:10)
  A swamp drake zombie (Swamp:4)
  5 gnolls
  9 white imps (D:11)
  2 ufetubi (D:5)
  A worm (D:4)
  2 dart slugs (D:4)
  102 orcs
  6 ball pythons
  A bat (D:1)
  4 endoplasms
  2 giant cockroaches (D:4)
  5 goblins
  4 hobgoblins
  5 quokkas
  A frilled lizard (D:1)
  24 kobolds
  4 rats
  A spectral kobold (D:7)
  2 foxfires (Swamp:3)
1085 creatures vanquished.

Vanquished Creatures (collateral kills)
  An ironbound preserver (Vaults:3)
  2 very ugly things (Vaults:3)
  A deep elf annihilator (Elf:3)
  A bunyip (Swamp:4)
  2 vault guards (D:14)
  A ghost crab (Swamp:4)
  2 two-headed ogres (D:11)
  A pharaoh ant (Spider:1)
  2 deep trolls (Vaults:3)
  2 harpies (Vaults:1)
  A wolf spider (Spider:4)
  A will-o-the-wisp (Swamp:4)
  A vault sentinel (Vaults:2)
  2 tarantellas
  An elf zombie (Vaults:3)
  A redback (Spider:4)
  A swamp worm (Swamp:3)
  2 phantoms (Swamp:4)
  A gnoll (D:5)
  3 white imps (D:11)
29 creatures vanquished.

Vanquished Creatures (others)
  2 eldritch tentacles
  A war gargoyle (Vaults:3)
  A deep elf death mage (Elf:3)
  A vault guard (D:14)
  A centaur warrior (D:11)
  A deep elf knight (Elf:1)
  A wizard (Vaults:3)
  An ugly thing (IceCv)
  A troll (D:14)
  3 bloated husks
  A tarantella (shapeshifter) (Gauntlet)
  3 yaks
  A killer bee (D:9)
  A polar bear simulacrum (IceCv)
  4 foxfires
  16 fungi
  29 plants
68 creatures vanquished.

Grand Total: 1182 creatures vanquished

Notes
Turn   | Place    | Note
-------+----------+-------------------------------------------
     0 | D:1      | M4edhros the Octopode Artificer began the quest for the
                  | Orb.
     0 | D:1      | Reached XP level 1. HP: 13/13 MP: 1/1
   141 | D:2      | Found an opulent altar of Gozag.
   148 | D:2      | Identified the +2 trident "Umorae" {holy, +Blink Will+
                  | Dex+3}
   191 | D:2      | Identified the +4 leather armour "Emoci" {+Inv rCorr}
   363 | D:4      | Found a snail-covered altar of Cheibriados.
   377 | D:4      | Became a worshipper of Cheibriados the Contemplative
   381 | D:4      | Reached XP level 2. HP: 17/18 MP: 2/2
   431 | D:3      | Reached skill level 1 in Polearms
   435 | D:3      | Found a broken altar of Ashenzari.
   523 | D:3      | Found a large runed translucent door.
   524 | D:3      | Found a large runed translucent door.
   534 | D:3      | Found a sparkling altar of Nemelex Xobeh.
   545 | D:3      | Found a blossoming altar of Fedhas.
   551 | D:3      | Reached XP level 3. HP: 24/24 MP: 3/3
   850 | D:1      | Upgraded the game from 0.30-a0-916-g98134172ad to
                  | 0.30-a0-923-g828ccac5a3
   881 | D:1      | Reached * piety under Cheibriados
  1138 | D:4      | Reached XP level 4. HP: 24/30 MP: 4/4
  1216 | D:4      | Reached XP level 5. HP: 32/36 MP: 5/5
  1261 | D:5      | Entered Level 5 of the Dungeon
  1408 | D:5      | Found a staircase to the Ecumenical Temple.
  1434 | D:6      | Reached XP level 6. HP: 35/42 MP: 6/6
  1474 | D:6      | Found a hide-covered altar of Uskayaw.
  1526 | D:5      | Reached ** piety under Cheibriados
  1601 | D:5      | Found an opulent altar of Gozag.
  1727 | D:5      | Gained mutation: You possess an exceptional clarity of
                  | mind. [potion of mutation]
  1727 | D:5      | Gained mutation: Your mind is acute. (Int +4, Str/Dex -1)
                  | [potion of mutation]
  1727 | D:5      | Gained mutation: Your body sometimes deteriorates upon
                  | taking damage. [potion of mutation]
  1727 | D:5      | Gained mutation: You are resistant to electric shocks.
                  | (rElec) [potion of mutation]
  1771 | D:4      | Found Vachusyh's Distillery.
  1784 | D:4      | Reached XP level 7. HP: 48/48 MP: 7/7
  1786 | D:4      | Bought a potion of lignification for 39 gold pieces
  1786 | D:4      | Bought a potion of heal wounds for 65 gold pieces
  2036 | D:6      | Noticed Menkaure
  2041 | D:6      | Killed Menkaure
  2042 | D:6      | Reached skill level 5 in Dodging
  2119 | D:6      | Reached skill level 5 in Fighting
  2119 | D:6      | Reached XP level 8. HP: 55/55 MP: 8/8
  2124 | D:6      | Reached *** piety under Cheibriados
  2225 | D:7      | Reached skill level 5 in Polearms
  2397 | D:7      | Found Anotuw's Armour Emporium.
  2441 | D:7      | Bought a +0 buckler for 58 gold pieces
  2529 | D:7      | Found an ancient bone altar of Kikubaaqudgha.
  2557 | D:7      | Found Abben's Jewellery Boutique.
  2642 | D:7      | Found a hazy altar of Hepliaklqana.
  2682 | D:7      | Reached skill level 1 in Shields
  2957 | D:8      | Reached XP level 9. HP: 61/62 MP: 9/9
  3077 | D:8      | Reached **** piety under Cheibriados
  3316 | D:9      | Found a staircase to the Orcish Mines.
  3355 | D:9      | Reached ***** piety under Cheibriados
  3375 | D:9      | Noticed a hornet
  3382 | D:9      | Killed a hornet
  3420 | D:9      | Found Midaet's Distillery.
  3446 | D:9      | Found a shimmering blue altar of Sif Muna.
  3497 | D:9      | Reached skill level 1 in Invocations
  3560 | D:9      | Found a shimmering altar of Xom.
  3622 | D:9      | Noticed a hornet
  3633 | D:9      | Killed a hornet
  3634 | D:9      | Reached XP level 10. HP: 58/71 MP: 10/12
  3746 | D:10     | Entered Level 10 of the Dungeon
  3814 | D:10     | Found a runed translucent gate.
  3814 | D:10     | Found a runed translucent gate.
  3814 | D:10     | Found a runed translucent gate.
  3840 | D:10     | Killed an unseen horror
  3840 | D:10     | Noticed a death yak
  3841 | D:10     | Reached skill level 5 in Shields
  3841 | D:10     | Reached skill level 5 in Invocations
  3844 | D:10     | Noticed a death yak
  3847 | D:10     | Noticed a death yak
  3858 | D:10     | Killed a death yak
  3862 | D:10     | Killed a death yak
  3870 | D:10     | Noticed gyole's ghost (novice SpHu)
  3876 | D:10     | Killed a death yak
  3877 | D:10     | Reached XP level 11. HP: 49/80 MP: 13/15
  4038 | D:10     | Reached skill level 10 in Dodging
  4096 | D:10     | Found a staircase to the Lair.
  4161 | D:11     | Identified a scroll of acquirement
  4161 | D:11     | Acquired the ring "Efiefupnou" {Wiz Will+ Dex+4}
  4189 | D:11     | Reached skill level 1 in Unarmed Combat
  4542 | D:11     | Noticed a two-headed ogre
  4542 | D:11     | Noticed a two-headed ogre
  4551 | D:11     | Killed a two-headed ogre
  4553 | D:11     | Killed a two-headed ogre
  4565 | D:11     | Found a frozen archway.
  4575 | IceCv    | Entered an ice cave
  4588 | IceCv    | Reached skill level 10 in Fighting
  4647 | IceCv    | Noticed a white ugly thing
  4952 | D:11     | Reached skill level 5 in Evocations
  5061 | D:11     | Reached skill level 5 in Unarmed Combat
  5159 | D:11     | Noticed a centaur warrior
  5159 | D:11     | Noticed a centaur warrior
  5159 | D:11     | Noticed a centaur warrior
  5162 | D:11     | Noticed a deep elf knight
  5164 | D:11     | Killed a centaur warrior
  5164 | D:11     | Killed a centaur warrior
  5164 | D:11     | Killed a centaur warrior
  5164 | D:11     | Killed a deep elf knight
  5165 | D:11     | Reached XP level 12. HP: 50/87 MP: 5/16
  5166 | D:11     | Identified the +10 great sword of Gaasuu Mycur {freeze,
                  | rF++ Str+3}
  5239 | D:11     | Noticed a centaur warrior
  5258 | D:11     | Found an iron altar of Okawaru.
  5294 | D:11     | Identified the +9 mace of Mayhem {heavy, rElec rN++ rCorr
                  | Int+3}
  5349 | D:11     | Found the +8 autumn katana {manifold assault}
  5455 | D:12     | Noticed a two-headed ogre
  5502 | D:12     | Reached skill level 1 in Long Blades
  5554 | D:12     | Reached skill level 2 in Long Blades
  5558 | D:12     | Reached skill level 3 in Long Blades
  5560 | D:12     | Killed a two-headed ogre
  5573 | D:12     | Reached skill level 4 in Long Blades
  5717 | D:13     | Reached skill level 5 in Long Blades
  5726 | D:13     | Noticed a centaur warrior
  5727 | D:13     | Noticed a four-headed hydra
  5731 | D:13     | Killed a centaur warrior
  5743 | D:13     | Killed a four-headed hydra
  5799 | D:13     | Reached skill level 6 in Long Blades
  5895 | D:12     | Found a glowing silver altar of Zin.
  5909 | D:12     | Reached skill level 7 in Long Blades
  5909 | D:12     | Reached XP level 13. HP: 81/92 MP: 17/17
  6062 | D:14     | Reached skill level 8 in Long Blades
  6136 | D:14     | Reached skill level 10 in Evocations
  6170 | D:15     | Entered Level 15 of the Dungeon
  6281 | D:14     | Noticed a vault guard
  6282 | D:14     | Reached skill level 9 in Long Blades
  6284 | D:14     | Noticed a vault guard
  6286 | D:14     | Noticed a vault guard
  6289 | D:14     | Killed a vault guard
  6294 | D:14     | Killed a vault guard
  6295 | D:14     | Noticed a vault guard
  6296 | D:14     | Noticed a vault guard
  6296 | D:14     | Noticed a vault guard
  6298 | D:14     | Noticed a vault guard
  6300 | D:14     | Noticed a vault guard
  6305 | D:14     | Killed a vault guard
  6310 | D:14     | Killed a vault guard
  6311 | D:14     | Reached skill level 10 in Long Blades
  6312 | D:14     | Killed a vault guard
  6314 | D:14     | Killed a vault guard
  6349 | D:14     | Found a gate to the Vaults.
  6667 | D:7      | Bought an amulet of regeneration for 420 gold pieces
  6734 | Orc:1    | Entered Level 1 of the Orcish Mines
  6739 | Orc:1    | Reached skill level 11 in Long Blades
  6795 | Orc:1    | Found Irhuedgh's Antique Weapon Shoppe.
  7019 | Orc:2    | Entered Level 2 of the Orcish Mines
  7055 | Orc:2    | Found a staircase to the Elven Halls.
  7162 | Orc:2    | Found Ellef's General Store.
  7163 | Orc:2    | Found Jyal Qogh's General Store.
  7172 | Orc:2    | Reached skill level 12 in Long Blades
  7179 | Orc:2    | Reached XP level 14. HP: 99/99 MP: 13/18
  7250 | Orc:2    | Reached skill level 13 in Long Blades
  7335 | Orc:2    | Found Viuluz's Antique Weapon Boutique.
  7335 | Orc:2    | Found a one-way gate leading to the halls of Pandemonium.
  7335 | Orc:2    | Found Hoata's Book Shop.
  7343 | Orc:2    | Reached skill level 14 in Long Blades
  7379 | Orc:2    | Bought a potion of might for 68 gold pieces
  7379 | Orc:2    | Bought a potion of heal wounds for 85 gold pieces
  7674 | Lair:1   | Entered Level 1 of the Lair of Beasts
  7773 | Lair:1   | Found a dark tunnel.
  7783 | Lair:1   | Learned a level 3 spell: Mephitic Cloud
  7789 | Volcano  | Entered a volcano
  7954 | Lair:1   | Reached skill level 15 in Long Blades
  7999 | Lair:2   | Reached ****** piety under Cheibriados
  8248 | Lair:2   | Found a staircase to the Swamp.
  8333 | Lair:4   | Found a gate leading to a gauntlet.
  8337 | Gauntlet | Entered a Gauntlet
  8337 | Gauntlet | Found a transporter.
  8337 | Gauntlet | Found a transporter.
  8338 | Gauntlet | Found a transporter.
  8338 | Gauntlet | Found a transporter.
  8341 | Gauntlet | Found a transporter.
  8343 | Gauntlet | Found a transporter.
  8356 | Gauntlet | Found a transporter.
  8356 | Gauntlet | Found a transporter.
  8367 | Gauntlet | Found a transporter.
  8367 | Gauntlet | Found a transporter.
  8370 | Gauntlet | Found a transporter.
  8370 | Gauntlet | Found the +7 captain's cutlass {speed, disarm}
  8371 | Gauntlet | Found a transporter.
  8453 | Gauntlet | Reached skill level 16 in Long Blades
  8463 | Gauntlet | Identified the ring of Nerubb {rElec rC- rN++ Str+6 Int+2
                  | Dex-2}
  8478 | Gauntlet | Noticed a fenstrider witch
  8479 | Gauntlet | a fenstrider witch changed into an eleionoma
  8479 | Gauntlet | Noticed an eleionoma (glowing shapeshifter)
  8482 | Gauntlet | an eleionoma changed into a sphinx
  8482 | Gauntlet | Noticed a sphinx (glowing shapeshifter)
  8487 | Gauntlet | a sphinx changed into a frost giant
  8487 | Gauntlet | Noticed a frost giant (glowing shapeshifter)
  8489 | Gauntlet | a frost giant changed into an eleionoma
  8489 | Gauntlet | Noticed an eleionoma (glowing shapeshifter)
  8492 | Gauntlet | an eleionoma changed into an azure jelly
  8492 | Gauntlet | Noticed an azure jelly (glowing shapeshifter)
  8496 | Gauntlet | Killed an azure jelly
  8497 | Gauntlet | Reached XP level 15. HP: 103/103 MP: 19/19
  8533 | Gauntlet | Identified the amulet of Lolagg {Spirit rC++ Int+3}
  8547 | Gauntlet | Got the Secrets of the Glacial Gift
  8556 | Gauntlet | Learned a level 7 spell: Ozocubu's Refrigeration
  8591 | Lair:4   | Found a runed translucent gate.
  8591 | Lair:4   | Found a runed translucent gate.
  8591 | Lair:4   | Found a runed translucent gate.
  8591 | Lair:4   | Noticed Etreokin's ghost (journeyman KoEn)
  8604 | Lair:4   | Reached skill level 1 in Poison Magic
  8609 | Lair:4   | Killed Etreokin's ghost
  8610 | Lair:4   | Reached skill level 1 in Ice Magic
  8666 | Lair:5   | Entered Level 5 of the Lair of Beasts
  8682 | Lair:5   | Reached skill level 1 in Spellcasting
  8896 | Lair:5   | Found a viscous altar of Jiyva.
  8966 | Lair:5   | Found a staircase to the Slime Pits.
  9115 | Lair:5   | Learned a level 7 spell: Malign Gateway
  9194 | Lair:5   | Reached skill level 1 in Translocations
  9201 | Lair:5   | Reached skill level 1 in Summonings
  9208 | Lair:5   | Identified the +8 dagger of Focus {freeze, rPois Str-3
                  | Int+2}
  9471 | Lair:3   | Found a hole to the Spider Nest.
  9665 | Elf:1    | Entered Level 1 of the Elven Halls
  9833 | Elf:2    | Reached skill level 5 in Ice Magic
  9838 | Elf:2    | Reached XP level 16. HP: 43/109 MP: 7/21
  9881 | Elf:2    | Found Mitewove's Jewellery Boutique.
  9995 | Elf:2    | Found a runed translucent gate.
  9995 | Elf:2    | Found a runed translucent gate.
  9995 | Elf:2    | Found a runed translucent gate.
 10108 | Elf:3    | Entered Level 3 of the Elven Halls
 10218 | Elf:3    | Noticed a deep elf master archer
 10219 | Elf:3    | Noticed a deep elf blademaster
 10224 | Elf:3    | Killed a deep elf blademaster
 10224 | Elf:3    | Killed a deep elf master archer
 10228 | Elf:3    | Reached skill level 5 in Poison Magic
 10232 | Elf:3    | Noticed a deep elf master archer
 10233 | Elf:3    | Noticed a deep elf blademaster
 10235 | Elf:3    | Reached skill level 5 in Summonings
 10238 | Elf:3    | Killed a deep elf blademaster
 10239 | Elf:3    | Reached skill level 5 in Translocations
 10256 | Elf:3    | Killed a deep elf master archer
 10268 | Elf:3    | Identified the +1 robe of Pride {Str+2}
 10290 | Elf:3    | Reached XP level 17. HP: 64/115 MP: 3/23
 10425 | Elf:3    | Identified the +5 trident of the Shifting Salmon {freeze,
                  | Int+6}
 10438 | Elf:3    | Identified the amulet of Doors {rN+ Regen+ Dex+2 Slay-4
                  | Stlth+}
 10465 | Elf:3    | Identified the +2 rapier of Experimentation {freeze, rF+}
 10470 | Elf:3    | Identified the amulet of Tahod {Reflect Rampage rPois Str-5
                  | SH+5}
 10504 | Elf:3    | Identified the +7 double sword of the Fool {venom, Fly rN+}
 10505 | Elf:3    | Identified the +8 quick blade of Qocer {heavy, Fly}
 10517 | Elf:3    | Identified the +7 trident "ETAOIN SHRDLU" {flame, Str+9}
 10535 | Elf:3    | Identified the ring of Yraq {Str+9 Int+6}
 10545 | Elf:3    | Got the Thoughts on Convocation
 10604 | Elf:3    | Identified the amulet "Koucig" {Reflect +Inv rCorr Int-2
                  | Dex-5 SH+5}
 10711 | Elf:3    | Noticed Aizul
 10722 | Elf:3    | Killed Aizul
 10970 | Elf:2    | Reached skill level 5 in Spellcasting
 11294 | Elf:1    | Noticed Agnes
 11298 | Elf:1    | Killed Agnes
 11442 | Elf:1    | Reached skill level 10 in Shields
 11605 | Spider:1 | Entered Level 1 of the Spider Nest
 11804 | Spider:1 | Learned a level 4 spell: Olgreb's Toxic Radiance
 11811 | Spider:1 | Learned a level 6 spell: Summon Cactus Giant
 11940 | Spider:2 | Reached XP level 18. HP: 120/120 MP: 26/26
 12040 | Spider:4 | Entered Level 4 of the Spider Nest
 12282 | Spider:4 | Got a gossamer rune of Zot
 12448 | Spider:2 | Noticed Nikola
 12457 | Spider:2 | Killed Nikola
 12482 | Spider:2 | Noticed Arachne
 12502 | Spider:2 | Killed Arachne
 12503 | Spider:2 | Reached skill level 10 in Ice Magic
 12698 | Swamp:1  | Entered Level 1 of the Swamp
 12722 | Swamp:1  | Noticed Louise
 12735 | Swamp:1  | Killed Louise
 12740 | Swamp:1  | Reached skill level 10 in Invocations
 12922 | Swamp:2  | You fall into a shaft and drop 1 floor!
 12956 | Swamp:3  | Noticed Jorgrun
 12968 | Swamp:3  | Killed Jorgrun
 13019 | Swamp:4  | Entered Level 4 of the Swamp
 13090 | Swamp:4  | Reached skill level 10 in Summonings
 13106 | Swamp:4  | Reached XP level 19. HP: 85/126 MP: 22/29
 13358 | Swamp:4  | Noticed a bone dragon
 13498 | Swamp:4  | Killed a bone dragon
 13512 | Swamp:4  | Got a decaying rune of Zot
 13599 | Swamp:3  | Identified the +1 robe "Ukibacis" {+Blink Str+3 Dex+5
                  | Slay-2}
 13968 | Vaults:1 | Entered Level 1 of the Vaults
 14024 | Vaults:1 | Noticed Saint Roka
 14042 | Vaults:1 | Killed Saint Roka
 14140 | Vaults:1 | HP: 1/126 [yaktaur/bolt[a yaktaur captain] (22)]
 14311 | Vaults:2 | Found Noweamny's Jewellery Boutique.
 14352 | Vaults:2 | Bought the ring "Tighilyi" {rN++ AC+4 Int+3 Slay-2 SInv}
                  | for 556 gold pieces
 14361 | Vaults:2 | Found Colaips's Jewellery Boutique.
 14375 | Vaults:2 | Found Plog's Antique Weapon Boutique.
 14661 | Vaults:3 | Reached XP level 20. HP: 119/132 MP: 31/31
 14839 | Vaults:3 | Killed from afar by an ironbound frostheart

Illustrated notes

Levels and vault maps discovered:
D:1:      dpeg_arrival_tiny_c, layout_basic
D:2:      layout_basic, basic_altar, minmay_pentomino_x2
D:3:      layout_loops_corners, evilmike_ruin_ashenzari, jmf_multi_god_temple2,
          serial_shops, nicolae_shop_temple_entry_statues_fountains,
          serial_bayou_lake_a
D:4:      layout_basic, mainiacjoe_overflow_brackets, serial_shops,
          nicolae_shop_stone
D:5:      layout_loops_ring, mainiacjoe_overflow_tiny_flanked, temple_doors_e
D:6:      layout_loops_cross, nicolae_uskayaw_dance_hall,
          nicolae_overflow_squiral, minmay_misc_feat_four_crosses,
          eino_small_chamber_without_monster, uniq_menkaure
D:7:      layout_gridville, kiku_gazebo_pond_becter, makhleb_heckhound_becter,
          kennysheep_mini, nicolae_hepliaklqana_monster_ancestors, serial_shops,
          nicolae_take_the_stairs, shop, minivault_5
D:8:      layout_loops_cross
D:9:      nicolae_BIG_FREAKIN_CUBE, layout_irregular_city,
          overflow_temple_1_default, mainiacjoe_overflow_boulevard,
          pdpol_wu_jian_five_deadly_venoms, hiddenorc2_lemuel, serial_shops,
          nicolae_shop_hallway_plus
D:10:     layout_long_grid, dpeg_lair_monsters, gammafunk_ghost_icy
D:11:     evilmike_iron_armoury, layout_cave_pods, portal_ice_cave_entry_imps,
          grunt_decor_fettered
D:12:     layout_small_grid, zin_academy
D:13:     layout_gridville
D:14:     evilmike_horseshoe, layout_gridville, erik_vaults_2, serial_glass,
          glass_columns_a, glass_columns_a, glass_columns_b, glass_columns_c,
          glass_columns_a, glass_columns_a, feat_on_display,
          minmay_strange_pillars, kennysheep_kite_vault
D:15:     gammafunk_enter_depths_forms, layout_loops_ring,
          minmay_strange_pillars, st_stairs_13, xom_shifter_show, uniq_josephine
Lair:1:   beast_lair_carwin_large_3, layout_loops_ring,
          nicolae_volcano_entry_hallway
Lair:2:   layout_loops_ring, minmay_swamp_entry_worms, grunt_megastairs_4
Lair:3:   layout_regular_city, spider_nest_entry_a
Lair:4:   layout_regular_city, ebering_ghost_rock_garden,
          gauntlet_entry_generic, lemuel_fruit_fields
Lair:5:   evilmike_catoblepas_cave, layout_cellular_growth,
          minmay_slime_entry_oklob_open, grunt_megastairs_5
Swamp:1:  layout_falls_marsh, evilmike_swamp_ruin_house_5, uniq_louise
Swamp:2:  layout_basic_swamp, wheals_swamp_sinkhole
Swamp:3:  layout_basic_swamp, evilmike_swamp_ruin_house_1, swamp_pool2,
          infiniplex_staircase_pool, uniq_jorgrun
Swamp:4:  swamp_pestilence, layout_basic_swamp
Spider:1: layout_spider_delve, nicolae_spider_paper_wasps
Spider:2: layout_spider_delve, drop_trap, uniq_arachne, uniq_nikola
Spider:3: layout_spider_delve
Spider:4: grunt_spider_rune_island, drop_trap
Orc:1:    cheibrodos_orc_guarddog, layout_caves, serial_shops,
          nicolae_square_shop
Orc:2:    pf_orc_diabolical, layout_caves, mines1_david
Elf:1:    layout_geoelf_octagon, hangedman_elven_crosses_minicolossus,
          drop_trap, uniq_agnes
Elf:2:    elven_hall_of_blades_hangedman_original
          [nicolae_blade_entry_antechamber], layout_loops_cross, serial_shops,
          shop
Elf:3:    grunt_elf_hall_diamonds, layout_loops_corners, grunt_ministairs_15,
          uniq_aizul
Vaults:1: v_misc_25, hangedman_vaults_hat, nicolae_vaults_rhombus_6,
          hellmonk_guarded_unrand_gong, nicolae_vaults_hallways_thing,
          v_alt_pattern_6, layout_vaults_omnigrid, serial_shops, shop,
          uniq_asterion, uniq_saint_roka
Vaults:2: v_alt_pattern_2, hangedman_vaults_pinch,
          nicolae_vaults_little_squares_5, vaults_dpeg_diagonal,
          vaults_dpeg_cross, nicolae_vaults_circle_grid_a,
          minmay_crypt_entry_necro_gods, vaults_room_door_ring,
          nicolae_vaults_theta, hangedman_vaults_hard_town_square,
          ontoclasm_vaults_twist, v_misc_4, hangedman_vaults_capsules,
          layout_vaults_ring
Vaults:3: ontoclasm_vaults_pinch, vaults_mumra_hex, v_misc_24, v_misc_12,
          vaults_mumra_chevron, nicolae_vaults_little_squares_4,
          hangedman_vaults_nails, dpeg_vaults_monster_box,
          layout_vaults_big_room

Skill      XL: |  1  2  3  4  5  6  7  8  9 10 11 12 13 14 15 16 17 18 19 20 |
---------------+-------------------------------------------------------------+-----
Polearms       | 1 2 3 4 6 7 |  7.0
Dodging        | 3 4 5 6 7 9 10 | 10.1
Fighting       | 2 3 4 5 6 7 9 10 | 10.0
Shields        | 1 4 5 7 8 10 11 13 | 13.5
Invocations    | 3 6 7 8 9 10 11 | 11.4
Unarmed Combat | 7 |  7.7
Evocations     | 6 8 10 | 10.0
Long Blades    | 7 12 16 | 16.2
Poison Magic   | 4 5 6 |  6.0
Ice Magic      | 5 7 8 10 12 | 12.2
Spellcasting   | 3 4 5 6 7 8 |  8.1
Translocations | 3 5 7 8 |  8.0
Summonings     | 3 6 8 10 11 12 | 12.0
Stealth        | |  1.3

Action                     |  1- 3 |  4- 6 |  7- 9 | 10-12 | 13-15 | 16-18 | 19-21 || total
---------------------------+-------+-------+-------+-------+-------+-------+-------++-------
  Melee: Trident           |    48 |    56 |   251 |   104 |       |       |       ||   459
         Constrict         |     9 |     9 |    60 |    38 |   104 |   156 |    48 ||   424
         Tentacles         |     7 |    10 |    68 |   147 |   158 |   173 |   167 ||   730
         Unarmed           |     3 |       |       |   337 |    68 |     7 |    25 ||   440
         Punch             |     1 |       |     3 |    23 |    48 |    48 |    37 ||   160
         Katana            |       |       |       |    35 |   719 |   751 |   531 ||  2036
  Throw: Dart              |       |       |       |     1 |       |       |       ||     1
   Cast: Mephitic Cloud    |       |       |       |       |       |     7 |     2 ||     9
         Summon Cactus Gia |       |       |       |       |       |    10 |    10 ||    20
         Olgreb's Toxic Ra |       |       |       |       |       |    15 |     1 ||    16
         Malign Gateway    |       |       |       |       |       |     1 |     1 ||     2
         Ozocubu's Refrige |       |       |       |       |       |       |     5 ||     5
 Invoke: Slouch            |       |       |       |     7 |    12 |    17 |     4 ||    40
         Step From Time    |       |       |       |       |       |       |     1 ||     1
  Evoke: Wand              |       |     1 |     2 |    48 |    13 |    12 |     2 ||    78
         Box of beasts     |       |       |       |       |       |     2 |       ||     2
    Use: Scroll            |       |     5 |     5 |     9 |     9 |    10 |     2 ||    40
         Potion            |       |     1 |       |     4 |     1 |     6 |     4 ||    16
   Stab: Sleeping          |     9 |     5 |     5 |     6 |     7 |     9 |     1 ||    42
         Distracted        |     1 |       |       |     3 |     2 |     4 |     4 ||    14
         Betrayed ally     |       |       |       |       |     1 |       |       ||     1
         Confused          |       |       |       |       |       |     3 |     4 ||     7
 Armour: Skin              |     9 |     6 |    29 |    70 |    35 |    20 |     9 ||   178
  Dodge: Dodged            |    21 |    33 |   204 |   469 |   513 |   437 |   283 ||  1960
  Block: Buckler           |       |       |    60 |   177 |    27 |       |       ||   264
         Kite shield       |       |       |       |       |   525 |   604 |   459 ||  1588

Table legend: (Time is in decaauts)
 A = Elapsed time spent in this place.
 B = Non-inter-level travel time spent in this place.
 C = Inter-level travel time spent in this place.
 D = Time resting spent in this place.
 E = Time spent auto-exploring this place.
 F = Levels seen in this place.
 G = Mean time per level.
                   A        B        C        D        E       F      G
               +--------+--------+--------+--------+--------+-----+--------+
         Total |  23325 |  20162 |   3163 |      4 |    512 |  39 |  598.1 |
       Dungeon |  10173 |   8551 |   1622 |      0 |    512 |  15 |  678.2 |
          Lair |   3041 |   2233 |    808 |      0 |      0 |   5 |  608.2 |
         Swamp |   1755 |   1620 |    135 |      0 |      0 |   4 |  438.8 |
   Spider Nest |   1548 |   1391 |    157 |      0 |      0 |   4 |  387.0 |
  Orcish Mines |   1457 |   1208 |    249 |      0 |      0 |   2 |  728.5 |
   Elven Halls |   2960 |   2800 |    160 |      0 |      0 |   3 |  986.7 |
        Vaults |   1334 |   1306 |     28 |      4 |      0 |   3 |  444.7 |
      Ice Cave |    458 |    458 |      0 |      0 |      0 |   1 |  458.0 |
       Volcano |    223 |    223 |      0 |      0 |      0 |   1 |  223.0 |
      Gauntlet |    371 |    371 |      0 |      0 |      0 |   1 |  371.0 |
               +--------+--------+--------+--------+--------+-----+--------+

Top non-repeatable levels by time:
    D:11: 1673 daAuts
   Elf:3: 1399 daAuts
  Lair:5: 1089 daAuts
    D:10: 1020 daAuts
   Elf:1: 974 daAuts
     D:8: 961 daAuts
     D:9: 961 daAuts
 Swamp:4: 878 daAuts
   Orc:2: 832 daAuts
     D:7: 828 daAuts
    D:13: 734 daAuts
     D:2: 639 daAuts
     D:5: 633 daAuts
   Orc:1: 625 daAuts
  Lair:2: 622 daAuts
